 Dungeon Crawl Stone Soup version 0.27-a0-1501-g9d6fb14e67 (webtiles) character file.

Game seed: 17619014010513792630

113520 Feb132020 the Bludgeoner (level 16, 0/103 HPs)
             Began as a Gargoyle Earth Elementalist on July 7, 2021.
             Was an Initiate of Gozag.
             Shot with an arrow by a naga sharpshooter (17 damage)
             ... led by Vashnia
             ... on level 4 of the Snake Pit on July 8, 2021.
             The game lasted 02:47:26 (29650 turns).

Feb132020 the Bludgeoner (GrEE)                    Turns: 29650, Time: 02:47:26

Health: 0/103      AC: 39    Str: 25    XL:     16   Next: 63%
Magic:  30/30      EV: 11    Int: 20    God:    Gozag
Gold:   1875       SH:  0    Dex: 11    Spells: 23/35 levels left

rFire    + . .     SeeInvis +   b - +9 dire flail of Taxation {venom, Fly rElec Will+}
rCold    . . .     Faith    .   (shield currently unavailable)
rNeg     + . .     Spirit   .   E - +1 chain mail {rF+}
rPois    ∞         Reflect  .   n - +2 helmet {SInv}
rElec    +         Harm     .   u - +2 cloak
rCorr    .         Rampage  ∞   q - +3 pair of gloves of Hairiness {Str+5}
Will     ++...                  d - +3 pair of seven-league boots {Rampage+∞}
Stlth    ..........             H - amulet of regeneration
HPRegen  1.27/turn              R - +4 ring of slaying
MPRegen  0.22/turn              X - +6 ring of strength

@: about to teleport, gold aura, on berserk cooldown, flying, slowed, studying
Ice Magic, very slow
A: sickness immunity, AC +12, big wings, negative energy resistance 1,
electricity resistance, torment resistance 1, petrification resistance, mutation
resistance 1
a: Renounce Religion, Potion Petition, Call Merchant, Bribe Branch


You were on level 4 of the Snake Pit.
You worshipped Gozag.
Gozag was most pleased with you.
You visited 5 branches of the dungeon, and saw 24 of its levels.
You also visited: Sewer, Ossuary and Volcano.

You collected 8573 gold pieces.
You spent 3887 gold pieces at shops.
You paid 2811 gold pieces to Gozag.

Inventory:

Hand Weapons
 b - the +9 dire flail of Taxation (weapon) {venom, Fly rElec Will+}
   (You bought it in a shop on level 5 of the Lair of Beasts)

   It poisons the flesh of those it strikes.
   rElec:     It insulates you from electricity.
   Fly:       It grants you flight.
   Will:      It increases your willpower.
 h - the +9 hand axe of Qetsogua {vorpal, rElec rN+ Int+3 Dex+2}
   (You found it on level 6 of the Lair of Beasts)

   It inflicts extra damage upon your enemies.
   Int:       It affects your intelligence (+3).
   Dex:       It affects your dexterity (+2).
   rElec:     It insulates you from electricity.
   rN:        It protects you from negative energy.
 x - a +4 mace of holy wrath
 M - the +1 dagger of Fedhas's Grace {flame, rF++ Dex-5}
   (You found it on level 8 of the Dungeon)

   It has been specially enchanted to burn those struck by it, causing extra
   injury to most foes and up to half again as much damage against particularly
   susceptible opponents.
   Dex:       It affects your dexterity (-5).
   rF:        It greatly protects you from fire.
Missiles
 c - 488 stones
Armour
 a - a +1 robe of positive energy
 d - the +3 pair of seven-league boots (worn) {Rampage+∞}
   (You found it in a volcano)
 n - a +2 helmet of see invisible (worn)
 q - the +3 pair of gloves of Hairiness (worn) {Str+5}
   (You bought it in a shop on level 6 of the Dungeon)

   Str:       It affects your strength (+5).
 s - the -2 cloak "Yneimug" {Str+3 Int+4}
   (You found it on level 6 of the Dungeon)

   Str:       It affects your strength (+3).
   Int:       It affects your intelligence (+4).
 u - a +2 cloak (worn)
 E - a +1 chain mail of fire resistance (worn)
 P - the +0 pair of gloves of the Endless Expanse {Dex+5}
   (You bought it in a shop on level 1 of the Lair of Beasts)

   Dex:       It affects your dexterity (+5).
 Q - a +2 robe of willpower
 V - the +1 robe of Boredom {Regen+ rCorr MP-9 Str+2}
   (You bought it in a shop on level 6 of the Dungeon)

   Str:       It affects your strength (+2).
   MP:        It affects your magic capacity (-9).
   Regen:     It increases your rate of health regeneration.
   rCorr:     It protects you from acid and corrosion.
Jewellery
 j - a ring of ice
 k - a ring of protection from fire
 m - an amulet of magic regeneration
 o - the ring "Lyphea" {rElec rPois rN+ MP+9}
   (You bought it in a shop on level 2 of the Snake Pit)

   [ring of magical power]

   rElec:     It insulates you from electricity.
   rPois:     It protects you from poison.
   rN:        It protects you from negative energy.
   MP:        It affects your magic capacity (+9).
 H - an amulet of regeneration (around neck)
 O - a ring of fire
 R - a +4 ring of slaying (left hand)
 T - a ring of see invisible
 X - a +6 ring of strength (right hand)
Wands
 p - a wand of acid (8)
 z - a wand of paralysis (10)
 K - a wand of flame (37)
 S - a wand of digging (5)
 U - a wand of mindburst (30)
 Z - a wand of iceblast (18)
Scrolls
 l - a scroll of amnesia
 r - a scroll of brand weapon
 A - 4 scrolls of teleportation
 L - a scroll of silence
 N - 2 scrolls of fog
 W - 2 scrolls of summoning
 Y - a scroll of magic mapping
Potions
 e - 4 potions of haste
 f - 4 potions of lignification
 g - 5 potions of curing
 i - 5 potions of heal wounds
 w - 4 potions of resistance
 B - 2 potions of mutation
 C - 2 potions of magic
 D - 3 potions of might
 F - a potion of cancellation
 I - 4 potions of invisibility
 J - a potion of brilliance
Miscellaneous
 v - a condenser vane
 y - a box of beasts


   Skills:
 + Level 12.4 Fighting
 + Level 15.0 Maces & Flails
 * Level 8.9 Armour
 + Level 8.2 Dodging
 + Level 6.3 Stealth
 + Level 10.3 Spellcasting
 + Level 11.3 Conjurations
 + Level 1.2 Transmutations
 + Level 0.1 Fire Magic
 + Level 12.3 Earth Magic
 + Level 1.9 Evocations


You had 23 spell levels left.
You knew the following spells:

 Your Spells              Type           Power      Damage    Failure   Level
a - Sandblast             Erth           100%       2d20      1%          1
b - Stone Arrow           Conj/Erth      100%       3d13      1%          3
c - Foxfire               Conj/Fire      100%       2x1d9     3%          1
l - Lee's Rapid Deconstr  Erth           28%        3d16*     6%          5
p - Passwall              Tmut/Erth      30%        N/A       3%          2

Your spell library contained the following spells:

 Spells                   Type           Power      Damage    Failure   Level
 Conjure Flame            Conj/Fire      33%        6-21      10%         3
 Mephitic Cloud           Conj/Pois/Air  25%        N/A       22%         3
 Petrify                  Tmut/Erth      37%        N/A       22%         4
 Sting                    Tmut/Pois      48%        1d5       26%         1
 Animate Skeleton         Necr           20%        N/A       34%         1
 Apportation              Tloc           20%        N/A       34%         1
 Corona                   Hex            11%        N/A       34%         1
 Summon Small Mammal      Summ           40%        N/A       34%         1
 Ensorcelled Hibernation  Hex/Ice        20%        N/A       47%         2
 Poisonous Vapours        Pois/Air       20%        N/A       47%         2
 Slow                     Hex            10%        N/A       47%         2
 Confusing Touch          Hex            10%        N/A       71%         3
 Inner Flame              Hex/Fire       10%        N/A       71%         3
 Ozocubu's Armour         Ice            10%        N/A       71%         3
 Tukima's Dance           Hex            10%        N/A       71%         3
 Vampiric Draining        Necr           5%         2d6       71%         3
 Freezing Cloud           Conj/Ice/Air   12%        6-21      90%         5
 Animate Dead             Necr           5%         N/A       98%         4
 Olgreb's Toxic Radiance  Pois           10%        N/A       98%         4
 Conjure Ball Lightning   Conj/Air       16%        3x3d6     99%         6
 Metabolic Englaciation   Hex/Ice        5%         N/A       100%        5
 Haunt                    Necr/Summ      5%         N/A       100%        7
 Ozocubu's Refrigeration  Ice            5%         4d6       100%        7
 Discord                  Hex            5%         N/A       100%        8
 Disjunction              Tloc           5%         N/A       100%        8
 Infestation              Necr           5%         N/A       100%        8
 Statue Form              Tmut/Erth      Unusable   N/A       N/A         6

Dungeon Overview and Level Annotations

Branches:
Dungeon (11/15)            Temple (1/1) D:5            Lair (6/6) D:9
 Shoals (0/4) Lair:4        Snake (4/4) Lair:4        Slime (0/5) Lair:6
    Orc (2/2) D:11            Elf (0/3) Orc:2         Sewer (visited)
Ossuary (visited)         Volcano (visited)

Altars:
Ashenzari
Dithmenos
Fedhas
Gozag
Hepliaklqana
Kikubaaqudgha
Nemelex Xobeh
Okawaru
Ru
Sif Muna
Trog
Uskayaw
Vehumet
Wu Jian
Xom
Yredelemnul
Zin
The Shining One

Shops:
D:3 ?!   D:6 [   D:8 !:   Orc:2 !(*?[(   Lair:1 [   Lair:5 *   Snake:1 ?(
Snake:2 =[

Annotations:
D:4 exclusions: orc and orc priest
D:8 1 runed translucent door, Jannitor's ghost, novice DjCK
Lair:4 3 runed translucent doors, 27snakeeyes612's ghost, journeyman MiBe


Innate Abilities, Weirdness & Mutations

You are immune to sickness and miasma.
Your stone body is resilient. (AC +12)
You are immune to poison.
Your large and strong wings let you fly.
You resist negative energy. (rN+)
You are resistant to electric shocks. (rElec)
You are resistant to unholy torment.
You are immune to petrification.
You are somewhat resistant to further mutation.


Message History

Your chain mail prevents you from hitting Vashnia.
Vashnia is severely wounded.
The naga sharpshooter casts a spell.
The naga sharpshooter magically shoots an arrow.
The arrow barely misses you.
Vashnia mumbles some strange words.
Vashnia magically shoots a bolt.
The bolt hits you but does no damage.
You closely miss Vashnia.
Vashnia is severely wounded.
The naga sharpshooter mumbles some strange words.
The naga sharpshooter magically shoots an arrow.
The arrow hits you.
* * * LOW HITPOINT WARNING * * *
Unknown command.
You miss Vashnia.
Vashnia is severely wounded.
Unknown command.
You impale Vashnia!!
Vashnia is almost dead.
The naga sharpshooter is no longer distracted by gold.
Vashnia mumbles some strange words.
Vashnia magically shoots a bolt.
The bolt hits you!!
* * * LOW HITPOINT WARNING * * *
You miss Vashnia.
Vashnia is almost dead.
The naga sharpshooter shoots an arrow.
The arrow hits you but does no damage.
You impale Vashnia!!
You kill Vashnia!
The naga sharpshooter gestures wildly while chanting.
The naga sharpshooter magically shoots an arrow.
The arrow hits you but does no damage.
You feel a strong urge to attack something.
You are no longer berserk.
You are exhausted.
You feel yourself slow down.
As you read the scroll of teleportation, it crumbles to dust.
You feel strangely unstable.
The naga sharpshooter shoots an arrow.
The arrow hits you!
You die...
Your body crumbles into a pile of gold.

##.# #### #N.####
...#############NN...###
...............$.........
....####............#####
....# ##...........# ....#
+.####..$...# ....# #..#
##.....# ....# #..# #.@...#
....# ##..# ##....####+#.
....####...## #...........
............## #...........
.............###...........
...#####......#............
. ###..........####...
###........# #..
#.........# ..


You could see 3 naga sharpshooters.

Vanquished Creatures
  Vashnia (Snake:4)
  A nagaraja (Snake:2)
  Aizul (Snake:1)
  A fire dragon (Volcano)
  4 ogre magi
  A salamander tyrant (Snake:3)
  3 hydras
  8 naga warriors
  5 anacondas
  12 two-headed ogres
  Erica (Lair:1)
  8 naga sharpshooters
  4 shock serpents
  A salamander mystic (Snake:3)
  5 sea snakes (Snake:3)
  A lindwurm (Volcano)
  3 naga ritualists
  4 mana vipers
  3 orc knights
  2 orc sorcerers (Orc:1)
  A cyclops (D:8)
  5 salamanders
  3 oklob plants (Snake:3)
  26 elephants
  26 black mambas
  2 guardian serpents
  A torpor snail (Lair:6)
  2 gargoyles
  9 naga magi
  25 cane toads
  5 rime drakes
  An unseen horror (D:11)
  10 komodo dragons
  3 polar bears
  4 tyrant leeches
  4 trolls
  A hornet (D:7)
  A slime creature (D:8)
  18 blink frogs (Lair:6)
  A snapping turtle (Lair:4)
  2 shadows (D:11)
  4 wraiths
  5 wyverns
  47 yaks
  5 fire bats (Volcano)
  9 vampire mosquitoes
  2 steam dragons
  7 basilisks
  3 wargs
  21 nagas
  3 hell hounds (Volcano)
  15 water moccasins
  17 orc warriors
  An ice beast (D:8)
  2 black bears
  A necrophage (D:6)
  29 ogres
  2 sky beasts
  3 wolves
  4 centaurs
  An elf zombie (Ossuary)
  2 kobold brigands
  30 bullfrogs
  A gnoll sergeant (D:11)
  4 scorpions
  A water moccasin zombie (D:5)
  A water moccasin skeleton (D:4)
  6 killer bees
  3 electric eels
  3 wights (D:6)
  2 bullfrog zombies
  5 howler monkeys
  A jelly (D:8)
  6 centaur zombies
  2 human zombies (Ossuary)
  Crazy Yiuf (D:6)
  A bullfrog skeleton (D:6)
  A gnoll shaman (D:7)
  7 hounds
  13 orc priests
  2 scorpion zombies (D:4)
  An iguana (D:7)
  22 orc wizards
  A killer bee zombie (D:7)
  2 hound zombies (D:4)
  3 mummies
  A howler monkey zombie (D:4)
  11 gnolls
  15 adders
  A river rat (D:6)
  2 shadow imps
  3 white imps
  4 adder zombies
  2 adder skeletons (D:4)
  64 orcs
  3 bats
  15 endoplasms
  21 giant cockroaches
  4 goblins
  7 hobgoblins
  4 jackals
  18 kobolds
  13 quokkas
  17 ball pythons
  11 frilled lizards
  2 goblin zombies
  11 hobgoblin zombies (Ossuary)
  A jackal zombie (Ossuary)
  7 kobold zombies (Ossuary)
  12 orc zombies
  A quokka skeleton (D:4)
  7 rats
778 creatures vanquished.

Vanquished Creatures (others)
  4 foxfires (D:6)
  59 fungi
  143 plants
  2 withered plants (D:4)
208 creatures vanquished.

Grand Total: 986 creatures vanquished

Notes
Turn   | Place    | Note
-------+----------+-------------------------------------------
     0 | D:1      | Feb132020 the Gargoyle Earth Elementalist began the quest
                  | for the Orb.
     0 | D:1      | Reached XP level 1. HP: 10/10 MP: 3/3
   196 | D:1      | Reached XP level 2. HP: 15/15 MP: 1/5
   237 | D:1      | Learned a level 2 spell: Passwall
   698 | D:1      | Reached XP level 3. HP: 19/19 MP: 5/7
   702 | D:1      | Learned a level 3 spell: Stone Arrow
   831 | D:1      | Found a faded altar of an unknown god.
  1493 | D:2      | Reached skill level 1 in Maces & Flails
  1726 | D:2      | Reached XP level 4. HP: 24/24 MP: 5/8
  1995 | D:3      | Noticed an ogre
  1998 | D:3      | Killed an ogre
  1999 | D:3      | Reached skill level 1 in Fighting
  1999 | D:3      | Reached skill level 2 in Maces & Flails
  1999 | D:3      | Reached skill level 1 in Conjurations
  1999 | D:3      | Reached XP level 5. HP: 29/29 MP: 3/9
  2501 | D:3      | Found Uxtioginos's Distillery.
  2509 | D:3      | Bought a potion of mutation for 104 gold pieces
  2509 | D:3      | Gained mutation: Your magical capacity is low. (-10% MP)
                  | [potion of mutation]
  2509 | D:3      | Gained mutation: You have a pair of small antennae on your
                  | head. [potion of mutation]
  2651 | D:3      | Found a blossoming altar of Fedhas.
  3011 | D:3      | Reached XP level 6. HP: 34/34 MP: 6/9
  3055 | D:3      | Found Mitoj's Magic Scroll Shoppe.
  3304 | D:4      | Noticed a water moccasin
  3320 | D:4      | Killed a water moccasin
  3321 | D:4      | Reached skill level 5 in Earth Magic
  3647 | D:4      | Found a shimmering blue altar of Sif Muna.
  3885 | D:5      | Entered Level 5 of the Dungeon
  3887 | D:5      | Reached skill level 3 in Maces & Flails
  3887 | D:5      | Reached XP level 7. HP: 9/39 MP: 9/11
  4829 | D:4      | Found a broken altar of Ashenzari.
  4830 | D:4      | Found an iron altar of Okawaru.
  5197 | D:4      | Found a shimmering altar of Xom.
  5197 | D:4      | Found a glowing golden altar of the Shining One.
  5801 | D:5      | Reached XP level 8. HP: 40/45 MP: 12/12
  5964 | D:5      | Found a staircase to the Ecumenical Temple.
  5973 | Temple   | Entered the Ecumenical Temple
  5981 | Temple   | Became a worshipper of Gozag Ym Sagoz the Greedy
  6470 | D:6      | Reached skill level 4 in Maces & Flails
  6769 | D:6      | Found a glowing drain.
  6782 | Sewer    | Entered a sewer
  7528 | Sewer    | Lost mutation: You have a pair of small antennae on your
                  | head. [potion of mutation]
  7528 | Sewer    | Lost mutation: Your magical capacity is low. (-10% MP)
                  | [potion of mutation]
  7528 | Sewer    | Gained mutation: You are somewhat resistant to further
                  | mutation. [potion of mutation]
  7595 | D:6      | Learned a level 1 spell: Foxfire
  7720 | D:6      | Found Bouraxatz's Antique Armour Shop.
  7727 | D:6      | Bought a pair of scorched gloves for 161 gold pieces
  7727 | D:6      | Identified the +3 pair of gloves of Hairiness {Str+5} (You
                  | bought it in a shop on level 6 of the Dungeon)
  7727 | D:6      | Bought a brightly glowing robe for 96 gold pieces
  7727 | D:6      | Identified the +1 robe of Boredom {Regen+ rCorr MP-9 Str+2}
                  | (You bought it in a shop on level 6 of the Dungeon)
  7815 | D:6      | Reached skill level 5 in Spellcasting
  7815 | D:6      | Reached skill level 5 in Conjurations
  7815 | D:6      | Reached XP level 9. HP: 38/51 MP: 7/16
  7903 | D:6      | Identified the -2 cloak "Yneimug" {Str+3 Int+4}
  7922 | D:6      | Bought a pair of embroidered boots for 127 gold pieces
  8382 | D:6      | Found a runed translucent door.
  8383 | D:6      | Noticed Crazy Yiuf
  8392 | D:6      | Killed Crazy Yiuf
  8509 | D:6      | Bought a runed leather armour for 85 gold pieces
  8509 | D:6      | Upgraded the game from 0.27-a0-1497-gf8f22f7954 to
                  | 0.27-a0-1501-g9d6fb14e67
  8624 | D:7      | Reached skill level 5 in Maces & Flails
  8650 | D:7      | Found a sparkling altar of Nemelex Xobeh.
  8729 | D:7      | Noticed a hornet
  8854 | D:7      | Found a sand-covered staircase.
  8864 | Ossuary  | Entered an ossuary
  9358 | D:7      | Killed a hornet
  9483 | D:7      | Reached skill level 6 in Maces & Flails
  9704 | D:7      | Found a radiant altar of Vehumet.
  9704 | D:7      | Found an ornate altar of the Wu Jian Council.
 10160 | D:3      | Bought a scroll of identify for 24 gold pieces
 10160 | D:3      | Bought a scroll of identify for 24 gold pieces
 10160 | D:3      | Bought a scroll of teleportation for 36 gold pieces
 10173 | D:3      | Bought a scroll of amnesia for 42 gold pieces
 10252 | D:3      | Bought a potion of mutation for 104 gold pieces
 10252 | D:3      | Bought a potion of magic for 104 gold pieces
 10252 | D:3      | Bought a potion of resistance for 130 gold pieces
 10252 | D:3      | Bought a potion of haste for 130 gold pieces
 10252 | D:3      | Bought a potion of might for 52 gold pieces
 10252 | D:3      | Bought a potion of curing for 39 gold pieces
 10560 | D:8      | Found Irphirph's Distillery.
 10609 | D:8      | Reached XP level 10. HP: 56/56 MP: 5/19
 10826 | D:8      | Learned a level 5 spell: Lee's Rapid Deconstruction
 11126 | D:8      | Found Ydaudif's Book Emporium.
 11185 | D:8      | Found a runed translucent door.
 11190 | D:8      | Noticed Jannitor's ghost (novice DjCK)
 11190 | D:8      | Noticed a kobold demonologist
 11768 | D:8      | Noticed a gargoyle
 11845 | D:8      | Bought a potion of invisibility for 96 gold pieces
 11845 | D:8      | Bought a potion of brilliance for 48 gold pieces
 11891 | D:9      | Noticed a two-headed ogre
 11930 | D:8      | Killed a two-headed ogre
 12331 | D:8      | Killed a gargoyle
 12508 | D:8      | Identified the +1 dagger of Fedhas's Grace {flame, rF++
                  | Dex-5}
 12515 | D:8      | Noticed a cyclops
 12577 | D:8      | Killed a cyclops
 12679 | D:8      | Reached XP level 11. HP: 61/61 MP: 6/23
 12894 | D:8      | Reached skill level 10 in Earth Magic
 13334 | D:9      | Found a staircase to the Lair.
 13857 | Lair:1   | Entered Level 1 of the Lair of Beasts
 14017 | Lair:1   | Noticed Erica
 14035 | Lair:1   | Killed Erica
 14128 | Lair:1   | Reached skill level 7 in Maces & Flails
 14268 | Lair:1   | Noticed a five-headed hydra
 14874 | Lair:1   | Bought a pair of embroidered gloves for 277 gold pieces
 15147 | Lair:1   | Killed a five-headed hydra
 15148 | Lair:1   | Reached skill level 5 in Fighting
 15148 | Lair:1   | Reached XP level 12. HP: 68/68 MP: 1/25
 15342 | Lair:1   | Reached skill level 8 in Maces & Flails
 15478 | Lair:1   | Bought a dyed leather armour for 185 gold pieces
 15781 | Lair:2   | Reached skill level 5 in Dodging
 16427 | Lair:3   | Found a dark tunnel.
 16438 | Volcano  | Entered a volcano
 16457 | Volcano  | Found the +3 pair of seven-league boots {Rampage+∞}
 16457 | Volcano  | Noticed a fire dragon
 16471 | Volcano  | Killed a fire dragon
 16472 | Volcano  | Reached skill level 1 in Armour
 17088 | Lair:3   | Noticed an eight-headed hydra
 17106 | Lair:3   | Killed an eight-headed hydra
 17618 | Lair:4   | Reached skill level 10 in Conjurations
 17618 | Lair:4   | Found a runed translucent gate.
 17618 | Lair:4   | Found a runed translucent gate.
 17618 | Lair:4   | Found a runed translucent gate.
 17619 | Lair:4   | Noticed 27snakeeyes612's ghost (journeyman MiBe)
 17688 | Lair:4   | Found a staircase to the Snake Pit.
 17737 | Lair:4   | Reached skill level 9 in Maces & Flails
 18120 | Lair:4   | Found a staircase to the Shoals.
 18405 | Lair:4   | Reached XP level 13. HP: 47/74 MP: 26/26
 18910 | Lair:5   | Reached skill level 5 in Stealth
 18959 | Lair:5   | Reached skill level 10 in Maces & Flails
 19334 | Lair:6   | Entered Level 6 of the Lair of Beasts
 19830 | Lair:5   | Reached skill level 11 in Maces & Flails
 20020 | Lair:5   | Gained mutation: Your large and strong wings let you fly.
                  | [Gargoyle growth]
 20020 | Lair:5   | Reached XP level 14. HP: 69/83 MP: 27/27
 20529 | Lair:6   | Identified the +9 hand axe of Qetsogua {vorpal, rElec rN+
                  | Int+3 Dex+2}
 20645 | Lair:6   | Reached skill level 12 in Maces & Flails
 20715 | Lair:5   | Bought a buzzing dire flail for 333 gold pieces
 20715 | Lair:5   | Identified the +9 dire flail of Taxation {venom, Fly rElec
                  | Will+} (You bought it in a shop on level 5 of the Lair of
                  | Beasts)
 21567 | Lair:6   | Found a staircase to the Slime Pits.
 21749 | D:10     | Entered Level 10 of the Dungeon
 22709 | D:11     | Found a staircase to the Orcish Mines.
 23129 | Lair:1   | Bought a pair of faintly humming gloves for 351 gold pieces
 23129 | Lair:1   | Identified the +0 pair of gloves of the Endless Expanse
                  | {Dex+5} (You bought it in a shop on level 1 of the Lair of
                  | Beasts)
 23439 | Orc:1    | Entered Level 1 of the Orcish Mines
 24154 | Orc:2    | Entered Level 2 of the Orcish Mines
 24154 | Orc:2    | Found Nitzaep's Armour Shoppe.
 24248 | Orc:2    | Found a radiant altar of Vehumet.
 24261 | Orc:2    | Found a staircase to the Elven Halls.
 24276 | Orc:2    | Reached skill level 13 in Maces & Flails
 24418 | Orc:2    | Found Faiwetuq's Magic Scroll Shop.
 24418 | Orc:2    | Found Vyg Yda's Antique Weapon Emporium.
 24418 | Orc:2    | Found Wurazefy's Assorted Antiques.
 24418 | Orc:2    | Found Ischym's Distillery.
 24498 | Orc:1    | Reached XP level 15. HP: 62/91 MP: 22/28
 24570 | Orc:1    | Reached skill level 1 in Transmutations
 24619 | Orc:1    | Reached skill level 5 in Armour
 24792 | Orc:2    | Reached skill level 10 in Spellcasting
 24853 | Orc:2    | Bought a crude hunting sling for 169 gold pieces
 24853 | Orc:2    | Identified the +9 hunting sling "Lyneov" {venom, rN+} (You
                  | bought it in a shop on level 2 of the Orcish Mines)
 25200 | Orc:1    | Reached skill level 10 in Fighting
 25468 | Snake:1  | Entered Level 1 of the Snake Pit
 25781 | Snake:1  | Found Fisapuso's Weapon Emporium.
 25786 | Snake:1  | Found Piwkoil's Magic Scroll Shoppe.
 25795 | Snake:1  | Reached skill level 14 in Maces & Flails
 26061 | Snake:1  | Noticed Aizul
 26078 | Snake:1  | Killed Aizul
 27026 | Snake:2  | Found Poebu's Antique Armour Shoppe.
 27059 | Snake:2  | Bought a faintly humming helmet for 275 gold pieces
 27059 | Snake:2  | Identified the +1 helmet "Hysol" {+Inv Fly rPois Str-2}
                  | (You bought it in a shop on level 2 of the Snake Pit)
 27059 | Snake:2  | Bought a shiny chain mail for 217 gold pieces
 27326 | Snake:2  | Noticed a nagaraja
 27341 | Snake:2  | Killed a nagaraja
 27539 | Snake:2  | Reached XP level 16. HP: 100/100 MP: 30/30
 27563 | Snake:2  | Found a radiant altar of Vehumet.
 28076 | Snake:2  | Bought the ring "Lyphea" {rElec rPois rN+ MP+9} for 678
                  | gold pieces
 29412 | Snake:4  | Entered Level 4 of the Snake Pit
 29527 | Snake:4  | Reached skill level 1 in Evocations
 29588 | Snake:4  | Noticed Vashnia
 29620 | Snake:4  | Reached skill level 15 in Maces & Flails
 29647 | Snake:4  | Killed Vashnia
 29650 | Snake:4  | Shot with an arrow by a naga sharpshooter

Illustrated notes

Levels and vault maps discovered:
D:1:      minmay_arrival_checkered_box, layout_basic,
          ebering_ecumenical_altar_webs
D:2:      minmay_chambers_of_twos, layout_basic
D:3:      layout_basic, fedhas_altar_4, serial_shops, shop, shop
D:4:      layout_basic, nicolae_sif_muna_condensation,
          gammafunk_temple_overflow_statue, mainiacjoe_overflow_catwalk_spiral,
          serial_undead, serial_undead_f, serial_undead_f, serial_undead_d,
          serial_undead_e, serial_undead_e, serial_undead_d, serial_undead_a
D:5:      layout_basic, minmay_temple_entry_statues_fountains
D:6:      layout_basic, serial_shops, shop, portal_sewer_entry_b,
          uniq_crazy_yiuf_cottage
D:7:      layout_loops_ring, mainiacjoe_overflow_24_doors,
          gammafunk_temple_overflow_wave, nicolae_ossuary_entry_giza
D:8:      kennysheep_windowed_halls, layout_loops_ring, serial_shops, shop,
          nicolae_shop_waterfront, ebering_ghost_inner_flame
D:9:      layout_irregular_city, erik_lair_island
D:10:     layout_basic, nrook_campfire
D:11:     layout_irregular_city, david_orc_3
Temple:   cyrus_circular_temple
Lair:1:   layout_gridlike, grunt_megastairs_5, uniq_erica
Lair:2:   layout_loops_ring, minivault_27, infiniplex_staircase_pool
Lair:3:   layout_regular_city, nicolae_volcano_entry_two_sided
Lair:4:   layout_misc_corridors, minmay_shoals_entry_hut,
          guppyfry_snake_entry_island, gammafunk_ghost_necromancy
Lair:5:   layout_misc_corridors, grunt_megastairs_3, infiniplex_staircase_pool_2
Lair:6:   minmay_lair_end_frog_pond, layout_layer_cave, dpeg_slime_entry_corner
Snake:1:  layout_layer_cave, minmay_shoptagon, uniq_aizul
Snake:2:  layout_cave_pods, serial_shops, shop, basic_altar
Snake:3:  dpeg_oklob_gauntlet, layout_rooms, serial_bayou_shore_a
Snake:4:  johnstein_snake_rune_scales, layout_cave_town, uniq_vashnia
Orc:1:    layout_caves
Orc:2:    st_orc_ogre_mass, layout_caves, basic_altar, serial_shops,
          shop_fountains

Skill      XL: |  1  2  3  4  5  6  7  8  9 10 11 12 13 14 15 16 |
---------------+-------------------------------------------------+-----
Earth Magic    | 4 5 6 7 9 11 12 | 12.3
Maces & Flails | 1 2 3 4 6 7 9 11 13 14 15 | 15.0
Fighting       | 1 2 3 4 5 6 7 9 11 12 | 12.4
Spellcasting   | 3 4 5 6 8 9 10 | 10.3
Conjurations   | 1 2 3 5 6 7 9 10 11 | 11.3
Dodging        | 2 3 4 5 6 7 8 |  8.2
Stealth        | 3 4 5 6 |  6.3
Armour         | 3 4 6 8 |  8.9
Transmutations | 1 |  1.2
Evocations     | 1 |  1.9
Fire Magic     | |  0.1

Action                   |  1- 3 |  4- 6 |  7- 9 | 10-12 | 13-15 | 16-18 || total
-------------------------+-------+-------+-------+-------+-------+-------++-------
Melee: Mace              |    65 |   104 |   507 |   473 |   640 |       ||  1789
       Dire flail        |       |       |       |       |   690 |   264 ||   954
 Cast: Sandblast         |    23 |    33 |   156 |   146 |    27 |       ||   385
       Stone Arrow       |       |     1 |    17 |    41 |    17 |       ||    76
       Foxfire           |       |       |     3 |       |       |       ||     3
       Lee's Rapid Decon |       |       |       |     5 |     3 |    10 ||    18
       Passwall          |       |       |       |       |     2 |       ||     2
Invok: Call Merchant     |       |       |       |     1 |     2 |     1 ||     4
Evoke: Wand              |       |       |     2 |       |       |    28 ||    30
  Use: Scroll            |     1 |     2 |     9 |     6 |     8 |     2 ||    28
       Potion            |       |     1 |     1 |     1 |     1 |     1 ||     5
 Stab: Sleeping          |       |     4 |     8 |     5 |     3 |       ||    20
       Distracted        |       |       |     1 |     2 |     5 |     2 ||    10
Armor: Robe              |    17 |    38 |   245 |   190 |       |    11 ||   501
       Leather armour    |       |       |       |   167 |   589 |       ||   756
       Chain mail        |       |       |       |       |    28 |   124 ||   152
Dodge: Dodged            |    57 |    79 |   350 |   384 |   713 |   103 ||  1686

Table legend: (Time is in decaauts)
 A = Elapsed time spent in this place.
 B = Non-inter-level travel time spent in this place.
 C = Inter-level travel time spent in this place.
 D = Time resting spent in this place.
 E = Time spent auto-exploring this place.
 F = Levels seen in this place.
 G = Mean time per level.
                   A        B        C        D        E       F      G
               +--------+--------+--------+--------+--------+-----+--------+
         Total |  29494 |  27343 |   2151 |    724 |  19849 |  27 | 1092.4 |
       Dungeon |  14745 |  13579 |   1166 |    602 |  10267 |  11 | 1340.5 |
        Temple |     16 |      8 |      8 |      0 |      2 |   1 |   16.0 |
          Lair |   7717 |   6948 |    769 |     62 |   4987 |   6 | 1286.2 |
     Snake Pit |   3966 |   3847 |    119 |     55 |   2911 |   4 |  991.5 |
  Orcish Mines |   1435 |   1347 |     88 |      0 |    815 |   2 |  717.5 |
         Sewer |    884 |    884 |      0 |      0 |    532 |   1 |  884.0 |
       Ossuary |    411 |    411 |      0 |      4 |    155 |   1 |  411.0 |
       Volcano |    316 |    316 |      0 |      0 |    180 |   1 |  316.0 |
               +--------+--------+--------+--------+--------+-----+--------+

Top non-repeatable levels by time:
     D:8: 2629 daAuts
     D:4: 2152 daAuts
  Lair:6: 1819 daAuts
  Lair:1: 1718 daAuts
 Snake:1: 1440 daAuts
     D:6: 1394 daAuts
     D:3: 1322 daAuts
     D:7: 1313 daAuts
  Lair:5: 1291 daAuts
 Snake:3: 1209 daAuts
     D:5: 1183 daAuts
 Snake:2: 1103 daAuts
     D:2: 1091 daAuts
  Lair:4: 1076 daAuts
     D:9: 964 daAuts
